cohdb
Replays
Latest Replays
All Replays
Popular Replays
Top Player Replays
Match Explorer
How It Works
Community
CoH3 Stats
Reddit
Sign in to upload your games and track your stats! →
Sign in with Steam
Match 44376543
Unlisted
Match 44376543
Overview
Messages
Build Orders
End
Construct Weapon Support Center
Scout Squad
Selects Special Operations Battlegroup
Bazooka Squad
Engineer Squad
M1919 Machine Gun Team
Selects M29 Weasel with M1 Pack Howitzer
M29 Weasel with M1 Pack Howitzer
Selects Raiding Flares
Mechanized Support Center
M1919 Machine Gun Team
Bazooka Squad
Bazooka Squad
Improved M9 Bazooka Rockets
Designate Forward Repair Station
Bazooka Squad
Selects Mark Vehicle
M3 Armored Personnel Carrier
Construct Medical Station
Selects UNKNOWN (2162291)
Construct Motor Pool
M1 Anti-tank Gun Team
Selects SSF Commando Squad
M8 Greyhound Armored Car
Selects Assault Operation
SSF Commando Squad
Construct Tank Depot
Assault Operation
robwarrior
猫头鹰
0
0
Comments
sign in to comment!
No comments posted yet!